Map: Jagannatha LE

Players

A.I. 1 (Very Easy) - Winner!

  • Race: Terran Terran
  • Spawn Location: 7:00

TheCowboy

  • Race: Protoss Protoss
  • League: Grandmaster
  • Spawn Location: 1:00

VOD

https://www.youtube.com/watch?v=9Ov5eV1BgTA

Description

Why You AREN'T Improving in StarCraft ( 4 Different Drills that will change your LIFE) |Harstem Hour

Time

  • Played on: Jan. 4, 2021, 3:09 a.m.
  • Length: 6:15
Show
View Real Time Build Order
Export as new Build Order

A.I. 1 (Very Easy) Terran - Winner!

Build Orders:  

Get SALT Encoding   

  12  0:00  SCV  
  13  0:13  SCV  
  14  0:19  Supply Depot  
  14  0:37  Refinery  
  14  0:42  Barracks  
  14  1:04  Supply Depot  
  14  1:12  Refinery  
  14  1:29  SCV, Marine  
  16  1:41  SCV  
  17  1:53  SCV  
  18  2:05  SCV  
  18  2:06  Marine  
  20  2:18  SCV  
  21  2:30  SCV  
  22  2:42  Orbital Command, Marine  
  23  6:06  Supply Depot  
  23  6:08  Factory  
Show
View Real Time Build Order
Export as new Build Order

TheCowboy Protoss 

Build Orders: 1 Gate Expand, Colossus Rush 

Get SALT Encoding   

  12  0:00  Probe  
  13  0:12  Probe  
  14  0:17  Pylon  
  14  0:24  Probe (Chrono Boost)  
  15  0:36  Probe (Chrono Boost)  
  15  0:37  Gateway  
  16  0:45  Probe (Chrono Boost)  
  16  0:48  Assimilator  
  17  0:51  Probe  
  18  1:03  Probe  
  19  1:15  Probe  
  20  1:24  Cybernetics Core  
  20  1:34  Nexus  
  21  1:40  Pylon  
  21  1:44  Probe  
  21  1:54  Assimilator  
  21  1:56  Probe  
  21  1:57  Adept (Chrono Boost)  
  24  2:03  Warp Gate  
  24  2:08  Probe  
  25  2:18  Stalker (Chrono Boost)  
  25  2:20  Probe  
  28  2:32  Probe  
  28  2:34  Robotics Facility  
  29  2:46  Probe (Chrono Boost)  
  29  2:50  Probe (Chrono Boost)  
  31  2:52  Gateway  
  31  2:55  Probe (Chrono Boost)  
  33  2:58  Probe (Chrono Boost)  
  33  3:00  Probe (Chrono Boost)  
  34  3:05  Gateway  
  34  3:11  Probe (Chrono Boost)  
  34  3:12  Probe (Chrono Boost)  
  36  3:22  Observer  
  36  3:23  Probe (Chrono Boost)  
  36  3:24  Pylon  
  36  3:25  Probe (Chrono Boost)  
  39  3:28  Probe (Chrono Boost)  
  39  3:33  Probe  
  41  3:38  Probe  
  42  3:45  Probe, Observer  
  44  3:48  Nexus  
  44  3:50  Probe, Pylon  
  44  3:55  Pylon  
  45  3:57  Sentry  
  45  4:00  Stalker  
  45  4:01  Probe  
  50  4:04  Probe (Chrono Boost)  
  50  4:06  Stalker  
  54  4:10  Observer  
  54  4:13  Probe (Chrono Boost)  
  54  4:16  Probe (Chrono Boost)  
  56  4:17  Assimilator  
  56  4:20  Assimilator  
  56  4:23  Probe (Chrono Boost), Robotics Bay  
  57  4:25  Probe (Chrono Boost)  
  57  4:28  Probe (Chrono Boost)  
  59  4:31  Probe  
  59  4:34  Stalker  
  62  4:39  Probe  
  62  4:41  Forge  
  62  4:43  Probe  
  64  4:49  Twilight Council  
  64  4:51  Probe  
  65  4:55  Probe (Chrono Boost)  
  65  4:59  Stalker  
  68  5:01  Shield Battery  
  68  5:03  Shield Battery  
  68  5:04  Probe (Chrono Boost)  
  71  5:08  Probe (Chrono Boost)  
  71  5:09  Probe (Chrono Boost)  
  71  5:12  Colossus (Chrono Boost)  
  71  5:13  Probe (Chrono Boost)  
  72  5:14  Probe (Chrono Boost)  
  72  5:17  Probe (Chrono Boost)  
  72  5:19  Probe  
  81  5:23  Probe  
  81  5:26  Pylon  
  82  5:29  Probe  
  82  5:30  Pylon  
  82  5:33  Pylon  
  82  5:34  Probe  
  84  5:39  Probe  
  85  5:44  Probe  
  85  5:45  Pylon  
  85  5:48  Probe  
  87  5:50  Assimilator  
  87  5:52  Stalker, Assimilator  
  89  5:57  Pylon  
  89  5:58  Stalker  
  89  6:02  Probe  
  92  6:04  Stalker  
Tags
 
Add a new tag
Caveats
  • Supply blocks, unpowered buildings, or Contaminate may cause inaccurate times.
  • Supply counts are checked every 10 seconds.